 Dungeon Crawl Stone Soup version 0.29.1-15-g9cfb28693d (webtiles) character file.

Game seed: 8107809938533475050

1586 cdecastro the Cleaver (level 8, -17/78 HPs)
             Began as a Minotaur Fighter on Mar 4, 2023.
             Was a Follower of Okawaru.
             Demolished by a two-headed ogre
             ... wielding a +0 giant club
              (19 damage)
             ... on level 8 of the Dungeon on Mar 5, 2023.
             The game lasted 00:08:46 (7198 turns).

cdecastro the Cleaver (Minotaur Fighter)            Turns: 7198, Time: 00:08:47

Health: -17/78     AC:  8    Str: 23    XL:     8   Next: 61%
Magic:  7/7        EV:  9    Int:  5    God:    Okawaru [*.....]
Gold:   194        SH:  0    Dex: 10    Spells: 7/7 levels left

rFire   . . .      SeeInvis +   a - +0 war axe
rCold   . . .      Faith    .   (no shield)
rNeg    . . .      Spirit   .   b - +0 scale mail
rPois   .          Reflect  .   (helmet restricted)
rElec   .          Harm     .   (no cloak)
rCorr   +          Rampage  .   x - +0 pair of gloves
Will    .....                   (no boots)
Stlth   ..........              i - amulet of the acrobat
HPRegen 0.23/turn               k - ring of see invisible
MPRegen 0.10/turn               A - ring of resist corrosion

@: no status effects
A: horns 2, retaliatory headbutt
a: Renounce Religion, Heroism


You were on level 8 of the Dungeon.
You worshipped Okawaru.
Okawaru was aware of your devotion.
You visited 1 branch of the dungeon, and saw 8 of its levels.

You collected 415 gold pieces.
You spent 221 gold pieces at shops.

Inventory:

Hand Weapons
 a - a +0 war axe (weapon)
 u - a +0 flail of draining
 y - a +2 flail of protection
Missiles
 l - 10 poisoned darts (quivered)
 F - 3 boomerangs
Armour
 b - a +0 scale mail (worn)
 c - a +0 buckler
 x - a +0 pair of gloves (worn)
Jewellery
 i - an amulet of the acrobat (around neck)
 k - a ring of see invisible (left hand)
 A - a ring of resist corrosion (right hand)
 D - a ring of wizardry
Wands
 t - a wand of mindburst (5)
Scrolls
 e - 4 scrolls of teleportation
 h - 4 scrolls of identify {unknown}
 p - 3 scrolls of butterflies {unknown}
 q - a scroll of silence {unknown}
 r - a scroll of amnesia {unknown}
 s - a scroll of brand weapon {unknown}
 w - 2 scrolls of enchant armour {unknown}
 z - 2 scrolls of poison {unknown}
 B - 2 scrolls of fear {unknown}
 C - 2 scrolls of immolation {unknown}
 E - a scroll of vulnerability {unknown}
Potions
 f - 6 potions of curing {unknown}
 g - 4 potions of flight {unknown}
 j - a potion of ambrosia {unknown}
 m - 2 potions of degeneration {unknown}
 n - 4 potions of heal wounds {unknown}
 o - 5 potions of brilliance {unknown}
 v - a potion of berserk rage {unknown}


   Skills:
 + Level 9.5 Fighting
 - Level 10.0 Axes
 - Level 3.6 Armour
 - Level 3.6 Shields


You had 7 spell levels left.
You didn't know any spells.
Your spell library contained the following spells:

 Spells                   Type           Power      Damage    Failure   Level
 Apportation              Tloc           0%         N/A       78%         1
 Necrotise                Necr           0%         1d4       78%         1
 Slow                     Hex            0%         N/A       78%         1
 Sting                    Tmut/Pois      0%         1d3       78%         1
 Ensorcelled Hibernation  Hex/Ice        0%         N/A       89%         2
 Poisonous Vapours        Pois/Air       0%         N/A       89%         2
 Static Discharge         Conj/Air       0%         3-3/arc   89%         2
 Confusing Touch          Hex            0%         N/A       98%         3
 Spider Form              Tmut/Pois      0%         N/A       98%         3
 Vampiric Draining        Necr           0%         2d6       98%         3
 Anguish                  Hex/Necr       0%         N/A       100%        4
 Dispel Undead            Necr           0%         3d6       100%        4
 Olgreb's Toxic Radiance  Pois           0%         N/A       100%        4
 Sticky Flame             Conj/Fire      0%         2d3       100%        4
 Summon Small Mammal      Summ           Unusable   N/A       N/A         1

Dungeon Overview and Level Annotations

Branches:
Dungeon (8/15)             Temple (0/1) D:5
   Lair: D:8-11

Altars:
Ashenzari
Cheibriados
Dithmenos
Elyvilon
Hepliaklqana
Makhleb
Okawaru
Sif Muna
Trog
Uskayaw
Vehumet
Xom
Zin

Shops:
D:2 =   D:3 *


Innate Abilities, Weirdness & Mutations

You have a pair of horns on your head.
You reflexively headbutt those who attack you in melee.


Message History

Unknown command.
You hit the two-headed ogre.
Your headbutt misses the two-headed ogre.
The two-headed ogre is lightly wounded.
The two-headed ogre hits you with a +0 giant club!!
The two-headed ogre hits you with a +0 giant club!
You barely miss the two-headed ogre.
The two-headed ogre is lightly wounded.
You hit the two-headed ogre.
You headbutt the two-headed ogre, but do no damage.
The two-headed ogre is lightly wounded.
The two-headed ogre hits you with a +0 giant club!
* * * LOW HITPOINT WARNING * * *
The two-headed ogre hits you but does no damage.
You slash the two-headed ogre!
The two-headed ogre is moderately wounded.
The two-headed ogre hits you with a +0 giant club!
* * * LOW HITPOINT WARNING * * *
The two-headed ogre barely misses you.
You barely miss the two-headed ogre.
The two-headed ogre is moderately wounded.
You hit the two-headed ogre but do no damage.
You headbutt the two-headed ogre, but do no damage.
The two-headed ogre is moderately wounded.
The two-headed ogre hits you with a +0 giant club!!
* * * LOW HITPOINT WARNING * * *
The two-headed ogre hits you with a +0 giant club.
* * * LOW HITPOINT WARNING * * *
You slash the two-headed ogre! You headbutt the two-headed ogre!
You punch the two-headed ogre, but do no damage.
The two-headed ogre is heavily wounded.
The two-headed ogre barely misses you. x2
Unknown command.
You hit the two-headed ogre. You headbutt the two-headed ogre.
The two-headed ogre is severely wounded.
Unknown command.
You hit the two-headed ogre.
The two-headed ogre is severely wounded.
The two-headed ogre hits you with a +0 giant club!!
You die...

.......<..#
..#######.# #.# #.#
...####>#####
..........).#
...####.###.#######
#........>....
#.####@### ##.##
#O# ##...###.#
#........#
#........#
#.#.#.##.###
#.#.#.##.#.##
#.#.#.##....#
#.#.#........#


You could see a two-headed ogre.

Vanquished Creatures
  Eustachio (D:5)
  Edmund (D:5)
  An ice beast (D:6)
  An ogre (D:6)
  A phantom (D:6)
  2 necrophages (D:4)
  2 scorpions (D:5)
  5 killer bees (D:7)
  4 hounds
  2 jellies
  A gnoll bouda (D:5)
  2 iguanas
  2 orc wizards
  10 adders
  7 gnolls
  A shadow imp (D:6)
  4 worms
  3 dart slugs
  10 orcs
  6 ball pythons
  7 endoplasms
  2 giant cockroaches
  7 goblins
  15 hobgoblins
  4 jackals (D:3)
  4 quokkas
  4 bats
  3 frilled lizards (D:1)
  6 kobolds
  7 rats
125 creatures vanquished.

Notes
Turn   | Place    | Note
-------+----------+-------------------------------------------
     0 | D:1      | cdecastro the Minotaur Fighter began the quest for the Orb.
     0 | D:1      | Reached XP level 1. HP: 19/19 MP: 0/0
   145 | D:1      | Reached skill level 3 in Axes
   265 | D:1      | Reached XP level 2. HP: 26/26 MP: 1/1
   554 | D:1      | Reached skill level 4 in Axes
   580 | D:1      | Reached XP level 3. HP: 22/31 MP: 2/2
  1009 | D:2      | Found a faded altar of an unknown god.
  1016 | D:2      | Reached skill level 5 in Axes
  1221 | D:2      | Reached XP level 4. HP: 22/39 MP: 3/3
  1469 | D:2      | Found Cuvvuwau's Jewellery Shoppe.
  1799 | D:3      | Reached skill level 6 in Axes
  1977 | D:3      | Found a bloodstained altar of Trog.
  2036 | D:3      | Found a hide-covered altar of Uskayaw.
  2136 | D:3      | Found a radiant altar of Vehumet.
  2188 | D:3      | Found a snail-covered altar of Cheibriados.
  2253 | D:3      | Found Maide's Assorted Antiques.
  2259 | D:3      | Bought a scroll labelled DONAEC ABIOFOTO for 28 gold pieces
  2259 | D:3      | Bought a scroll labelled VAAMIKAF KASUSA for 28 gold pieces
  2259 | D:3      | Bought a scroll labelled HECKEDWETES for 28 gold pieces
  2259 | D:3      | Bought a smoky dark potion for 25 gold pieces
  2259 | D:3      | Bought a bone wand for 112 gold pieces
  2436 | D:4      | Noticed a necrophage
  2500 | D:4      | Noticed a necrophage
  2602 | D:4      | Killed a necrophage
  2603 | D:4      | Reached XP level 5. HP: 35/45 MP: 4/4
  2676 | D:4      | Reached skill level 7 in Axes
  2730 | D:4      | Reached XP level 6. HP: 37/51 MP: 5/5
  3025 | D:3      | Reached skill level 8 in Axes
  3469 | D:4      | Found a hazy altar of Hepliaklqana.
  3615 | D:5      | Entered Level 5 of the Dungeon
  3706 | D:5      | Reached skill level 9 in Axes
  3799 | D:5      | Reached XP level 7. HP: 48/57 MP: 6/6
  4254 | D:5      | Found a staircase to the Ecumenical Temple.
  4289 | D:5      | Noticed Eustachio
  4354 | D:5      | Killed Eustachio
  4355 | D:5      | Reached skill level 10 in Axes
  4355 | D:5      | Reached skill level 5 in Fighting
  4494 | D:5      | Noticed Edmund
  4516 | D:5      | Killed Edmund
  4836 | D:5      | Found a glowing silver altar of Zin.
  4836 | D:5      | Found a burning altar of Makhleb.
  4837 | D:5      | Noticed a cacodemon
  4837 | D:5      | Noticed an angel
  4994 | D:5      | Found a shimmering altar of Xom.
  4994 | D:5      | Found a white marble altar of Elyvilon.
  5002 | D:5      | Found a broken altar of Ashenzari.
  5004 | D:5      | Found an iron altar of Okawaru.
  5006 | D:5      | Found a shimmering blue altar of Sif Muna.
  5370 | D:5      | Became a worshipper of Warmaster Okawaru
  5432 | D:6      | Reached XP level 8. HP: 71/71 MP: 7/7
  6121 | D:6      | Found a shadowy altar of Dithmenos.
  6607 | D:7      | Reached * piety under Okawaru
  7060 | D:7      | Noticed a troll
  7178 | D:8      | Noticed a two-headed ogre
  7195 | D:8      | HP: 2/78 [two-headed ogre/+0 giant club (3)]
  7198 | D:8      | Demolished by a two-headed ogre

Illustrated notes

Levels and vault maps discovered:
D:1:      psy_arrival_radial01, layout_rooms, st_stairs_11
D:2:      layout_rooms, serial_shops, shop, ebering_ecumenical_altar_webs
D:3:      layout_basic, trog_hazing_becter, amcnicky_altar_gilded,
          mainiacjoe_overflow_boulevard, vehumet_crystals, serial_shops,
          nicolae_shop_competitors_out_of_business
D:4:      layout_basic, worldfamousw_hep_ancestral_shrine, minmay_misc_feat_rows
D:5:      layout_basic, grunt_temple_overflow_order_and_chaos_2,
          chequers_temple_overflow_minitemple, minmay_temple_entry_statues,
          grunt_decor_mini_mirrors, uniq_edmund, uniq_eustachio
D:6:      layout_basic, kennysheep_mini
D:7:      layout_basic
D:8:      layout_loops_ring, mainiacjoe_overflow_alcove_4, uniq_joseph,
          uniq_maurice

Skill      XL: |  1  2  3  4  5  6  7  8 |
---------------+-------------------------+-----
Axes           | 3 4 5 6 7 9 10 | 10.0
Fighting       | 6 9 |  9.5
Armour         | |  3.6
Shields        | |  3.6

Action                   |  1- 3 |  4- 6 |  7- 9 || total
-------------------------+-------+-------+-------++-------
Melee: War axe           |    86 |   122 |   141 ||   349
       Headbutt          |     4 |    26 |    22 ||    52
       Punch             |     1 |     2 |     2 ||     5
  Use: Scroll            |       |       |     2 ||     2
       Potion            |       |       |     1 ||     1
Armor: Scale mail        |    63 |    41 |    59 ||   163
Dodge: Dodged            |    48 |    76 |    76 ||   200
